 Dungeon Crawl Stone Soup version 0.23.2-40-g277498a001 (webtiles) character file.

Game seed: 16367935591541592187

107 Emblim88 the Grasshopper (level 4, 0/38 HPs)
             Began as a Gnoll Warper on Aug 24, 2019.
             Slain by a wyvern (9 damage)
             ... on level 3 of the Dungeon.
             The game lasted 00:03:44 (2159 turns).

Emblim88 the Grasshopper (Gnoll Warper)             Turns: 2159, Time: 00:03:45

Health: 0/38       AC:  3    Str: 14    XL:     4   Next: 85%
Magic:  9/11       EV: 14    Int: 15    God:
Gold:   134        SH:  0    Dex: 15    Spells: 11/13 levels left

rFire    . . .     SeeInvis .   a - +0 falchion
rCold    . . .     Gourm    .   (no shield)
rNeg     . . .     Faith    .   b - +0 leather armour
rPois    .         Spirit   .   (no helmet)
rElec    .         Reflect  .   h - scarf {repulsion}
rCorr    .         Harm     .   (no gloves)
MR       .....                  (no boots)
Stlth    ++........             (no amulet)
HPRegen  0.12/turn              (no ring)
MPRegen  0.12/turn              (no ring)

@: shrouded, repel missiles
A: distributed training, fangs 1, strong nose
a: no special abilities


You were on level 3 of the Dungeon.
You were very hungry.

You visited 1 branch of the dungeon, and saw 3 of its levels.

You collected 134 gold pieces.

Inventory:

Hand Weapons
 a - a +0 falchion (weapon)
 d - a +1 hand axe of flaming
Missiles
 e - 5 tomahawks of dispersal (quivered)
Armour
 b - a +0 leather armour (worn)
 h - a scarf of repulsion (worn)
Scrolls
 c - a scroll of magic mapping {unknown}
 g - 2 scrolls of teleportation {unknown}
 i - a scroll of fear {unknown}
 j - 3 scrolls of identify {unknown}
 k - a scroll of amnesia {unknown}
 n - a scroll of immolation {unknown}
 o - a scroll of fog {unknown}
Comestibles
 f - 5 rations


   Skills:
 + Level 4.7 Fighting
 + Level 1.2 Short Blades
 + Level 4.7 Long Blades
 + Level 1.2 Axes
 + Level 1.2 Maces & Flails
 + Level 1.2 Polearms
 + Level 1.2 Staves
 + Level 1.2 Slings
 + Level 1.2 Bows
 + Level 1.2 Crossbows
 + Level 2.8 Throwing
 + Level 2.8 Armour
 + Level 4.7 Dodging
 + Level 1.2 Stealth
 + Level 1.2 Shields
 + Level 1.2 Unarmed Combat
 + Level 5.1 Spellcasting
 + Level 1.0 Conjurations
 + Level 1.0 Hexes
 + Level 1.0 Charms
 + Level 1.0 Summonings
 + Level 1.0 Necromancy
 + Level 5.5 Translocations
 + Level 1.0 Transmutations
 + Level 1.0 Fire Magic
 + Level 1.0 Ice Magic
 + Level 1.0 Air Magic
 + Level 1.0 Earth Magic
 + Level 1.0 Poison Magic
 + Level 1.3 Invocations
 + Level 1.2 Evocations


You had 11 spell levels left.
You knew the following spells:

 Your Spells              Type           Power        Failure   Level  Hunger
a - Shroud of Golubria    Chrm/Tloc      ##........   8%          2    ##.....

Your spell library contained the following spells:

 Spells                   Type           Power        Failure   Level  Hunger
 Blink                    Tloc           N/A          3%          2    ##.....
 Gell's Gravitas          Tloc           ###.......   6%          3    ###....
 Lesser Beckoning         Tloc           ###.......   6%          3    ###....
 Teleport Other           Tloc           ###.....     6%          3    ###....
 Passage of Golubria      Tloc           N/A          21%         4    ####...


Dungeon Overview and Level Annotations

Branches:
Dungeon (3/15)

Altars:
Ashenzari


Innate Abilities, Weirdness & Mutations

Your experience applies equally to all skills.
You have very sharp teeth.
Your uncanny sense of smell can sniff out nearby items.


Message History

You are feeling very hungry.
Your magical contamination has completely faded away.
You start resting.
You feel sick. x4
You are no longer poisoned.
You start resting.
The wyvern is too close now for your liking.
Casting: Shroud of Golubria (safe; 8% risk of failure)
Confirm with . or Enter, or press ? or * to list all spells.
Space distorts slightly along a thin shroud covering your body.
The wyvern hisses angrily.
Your shroud bends the wyvern's attack away!
You hit the wyvern. Your bite misses the wyvern.
The wyvern is moderately wounded.
The wyvern bites you!!
* * * LOW HITPOINT WARNING * * *
The wyvern barely misses you.
You closely miss the wyvern. You bite the wyvern, but do no damage.
The wyvern is moderately wounded.
The wyvern bites you!
You die...

###### ......#.....##
.............##
..............#
..............# ##
..............# ##.
..............##### ##..
..................# #...
......l@.....####<###...
......#.....## #..##...
.#### ####### ##.)##..
#####.÷÷.. #.........
#..#####... ∆ .. ##..
##... #..##


You could see a wyvern.

Vanquished Creatures
  Natasha (D:3)
  2 adders
  2 dart slugs (D:2)
  4 leopard geckos
  4 ball pythons
  3 giant cockroaches (D:2)
  2 goblins
  8 hobgoblins
  4 jackals (D:1)
  5 kobolds
  10 bats
  A frilled lizard (D:2)
  6 rats
52 creatures vanquished.

Vanquished Creatures (others)
  Natasha (D:3)
  A bat (D:3)
2 creatures vanquished.

Grand Total: 54 creatures vanquished

Notes
Turn   | Place    | Note
-------+----------+-------------------------------------------
     0 | D:1      | Emblim88 the Gnoll Warper began the quest for the Orb.
     0 | D:1      | Reached XP level 1. HP: 20/20 MP: 6/6
   172 | D:1      | Reached XP level 2. HP: 25/26 MP: 7/7
   549 | D:1      | Reached XP level 3. HP: 22/31 MP: 9/9
   555 | D:1      | Reached skill level 5 in Spellcasting
   726 | D:2      | Found a shattered altar of Ashenzari.
   779 | D:2      | Reached skill level 1 in Invocations
  1038 | D:2      | Reached skill level 1 in Short Blades
  1038 | D:2      | Reached skill level 1 in Axes
  1038 | D:2      | Reached skill level 1 in Maces & Flails
  1038 | D:2      | Reached skill level 1 in Polearms
  1038 | D:2      | Reached skill level 1 in Staves
  1038 | D:2      | Reached skill level 1 in Slings
  1038 | D:2      | Reached skill level 1 in Bows
  1038 | D:2      | Reached skill level 1 in Crossbows
  1038 | D:2      | Reached skill level 1 in Stealth
  1038 | D:2      | Reached skill level 1 in Shields
  1038 | D:2      | Reached skill level 1 in Unarmed Combat
  1038 | D:2      | Reached skill level 1 in Evocations
  1129 | D:2      | Reached XP level 4. HP: 34/38 MP: 11/11
  1687 | D:3      | Noticed Natasha
  1955 | D:3      | Killed Natasha
  1955 | D:3      | Reached skill level 1 in Conjurations
  1955 | D:3      | Reached skill level 1 in Hexes
  1955 | D:3      | Reached skill level 1 in Charms
  1955 | D:3      | Reached skill level 1 in Summonings
  1955 | D:3      | Reached skill level 1 in Necromancy
  1955 | D:3      | Reached skill level 1 in Transmutations
  1955 | D:3      | Reached skill level 1 in Fire Magic
  1955 | D:3      | Reached skill level 1 in Ice Magic
  1955 | D:3      | Reached skill level 1 in Air Magic
  1955 | D:3      | Reached skill level 1 in Earth Magic
  1955 | D:3      | Reached skill level 1 in Poison Magic
  2009 | D:3      | Killed Natasha
  2042 | D:3      | Noticed a wyvern
  2068 | D:3      | Learned a level 2 spell: Shroud of Golubria
  2159 | D:3      | Slain by a wyvern

Skill      XL: |  1  2  3  4 |
---------------+-------------+-----
Spellcasting   | 5 |  5.1
Invocations    | 1 |  1.3
Short Blades   | 1 |  1.2
Axes           | 1 |  1.2
Maces & Flails | 1 |  1.2
Polearms       | 1 |  1.2
Staves         | 1 |  1.2
Slings         | 1 |  1.2
Bows           | 1 |  1.2
Crossbows      | 1 |  1.2
Stealth        | 1 |  1.2
Shields        | 1 |  1.2
Unarmed Combat | 1 |  1.2
Evocations     | 1 |  1.2
Conjurations   | 1 |  1.0
Hexes          | 1 |  1.0
Charms         | 1 |  1.0
Summonings     | 1 |  1.0
Necromancy     | 1 |  1.0
Transmutations | 1 |  1.0
Fire Magic     | 1 |  1.0
Ice Magic      | 1 |  1.0
Air Magic      | 1 |  1.0
Earth Magic    | 1 |  1.0
Poison Magic   | 1 |  1.0
Fighting       | |  4.7
Long Blades    | |  4.7
Throwing       | |  2.8
Armour         | |  2.8
Dodging        | |  4.7
Translocations | |  5.5

Action                   |  1- 3 |  4- 6 || total
-------------------------+-------+-------++-------
Melee: Falchion          |   112 |    39 ||   151
       Bite              |    13 |    12 ||    25
       Punch             |     1 |     1 ||     2
 Cast: Shroud of Golubri |       |     1 ||     1
  Use: Potion            |       |     2 ||     2
       Scroll            |       |     1 ||     1
  Eat: Chunk             |       |     3 ||     3
Armor: Leather armour    |    34 |    11 ||    45
Dodge: Dodged            |   115 |    44 ||   159
       Deflected         |       |     1 ||     1
       Rpst.: Falchion   |    31 |    18 ||    49
